 Dungeon Crawl Stone Soup version 0.26-a0-52-gd53d4cd058 (webtiles) character file.

Game seed: 16731657751806723558

2185 Ge0ff the Skirmisher (level 9, -2/91 HPs)
             Began as an Ogre Transmuter on June 6, 2020.
             Was a Follower of Sif Muna.
             Killed from afar by an orc sorcerer (32 damage)
             ... with a bolt of negative energy
             ... while paralysed by an orc sorcerer
             ... on level 7 of the Dungeon.
             The game lasted 00:17:52 (6760 turns).

Ge0ff the Skirmisher (Ogre Transmuter)              Turns: 6760, Time: 00:17:52

Health: -2/91      AC:  2    Str: 16    XL:     9   Next: 33%
Magic:  16/17      EV:  5    Int: 17    God:    Sif Muna [*.....]
Gold:   365        SH:  0    Dex: 14    Spells: 9/19 levels left

rFire    . . .     SeeInvis .     - Unarmed
rCold    . . .     Gourm    .   (shield currently unavailable)
rNeg     . . .     Faith    .   (armour currently unavailable)
rPois    .         Spirit   .   (helmet currently unavailable)
rElec    .         Reflect  .   (cloak currently unavailable)
rCorr    .         Harm     .   (gloves unavailable)
MR       .....                  (boots unavailable)
Stlth    +.........             G - amulet of regeneration
HPRegen  0.65/turn              L - ring of poison resistance
MPRegen  0.15/turn              z - +4 ring of evasion {=R}

@: paralysed, spider-form (expiring), drained
A: tiny, unfitting armour
a: End Transformation, Channel Magic, Renounce Religion


You were on level 7 of the Dungeon.
You worshipped Sif Muna.
Sif Muna was aware of your devotion.
You were not hungry.
You were a venomous arachnid creature.
You visited 2 branches of the dungeon, and saw 8 of its levels.

You collected 365 gold pieces.

Inventory:

Hand Weapons
 b - a +0 spear of freezing {don't train}
 w - a +2 dagger of draining {don't train}
Missiles
 a - 88 arrows
 g - 2 throwing nets {don't train=f}
 u - 222 stones {don't train}
 y - 10 boomerangs (quivered) {don't train}
Armour
 R - a +1 robe of resistance (melded)
Jewellery
 v - an uncursed ring of magical power
 z - a +4 ring of evasion (right front leg) {=R}
 E - an uncursed ring of positive energy {unknown}
 G - an amulet of regeneration (around neck)
 L - a ring of poison resistance (left front leg)
 O - an uncursed ring of protection from fire
Wands
 f - a wand of flame (29)
Scrolls
 m - 3 scrolls of magic mapping
 x - a scroll of enchant armour {unknown}
 A - 2 scrolls of fear {unknown}
 B - a scroll of blinking
 C - 3 scrolls of remove curse
 M - 2 scrolls of noise {unknown}
 P - a scroll of amnesia {unknown}
 Q - 2 scrolls of immolation {unknown}
 S - a scroll of fog {unknown}
 T - 7 scrolls of teleportation
 U - a scroll of silence {unknown}
 Y - a scroll of enchant weapon {unknown}
Potions
 q - 4 potions of curing
 F - a potion of stabbing {unknown}
 H - 2 potions of resistance {unknown}
 J - a potion of mutation {unknown}
 K - a potion of flight {unknown}
 N - a potion of magic {unknown}
 V - 2 potions of haste {unknown}
 X - 2 potions of berserk rage {unknown}
 Z - a potion of cancellation {unknown}
Comestibles
 r - 18 rations
 W - 10 chunks of flesh


   Skills:
 + Level 6.3(5.7) Fighting
 - Level 2.0(1.4) Dodging
 - Level 1.0(0.4) Stealth
 - Level 3.0(2.3) Unarmed Combat
 + Level 5.9(5.3) Spellcasting
 + Level 5.1(4.5) Transmutations
 * Level 4.9(4.2) Ice Magic
 - Level 5.0(4.3) Poison Magic


You had 9 spell levels left.
You knew the following spells:

 Your Spells              Type           Power        Failure   Level  Hunger
a - Ice Form              Ice/Tmut       ###.....     43%         4    ####...
b - Spider Form           Tmut/Pois      ###.......   19%         3    ##.....
s - Beastly Appendage     Tmut           ###...       9%          1    None
S - Sticks to Snakes      Tmut           ###.....     11%         2    #......

Your spell library contained the following spells:

 Spells                   Type           Power        Failure   Level  Hunger
 Blade Hands              Tmut           ###.......   73%         5    ######.


Dungeon Overview and Level Annotations

Branches:
Dungeon (7/15)             Temple (1/1) D:4

Altars:
Ashenzari
Cheibriados
Dithmenos
Elyvilon
Fedhas
Gozag
Hepliaklqana
Kikubaaqudgha
Makhleb
Nemelex Xobeh
Okawaru
Qazlal
Sif Muna
Trog
Uskayaw
Vehumet
Wu Jian
Xom
Yredelemnul
Zin
The Shining One


Innate Abilities, Weirdness & Mutations

You are too large for most types of armour.
((You have tough skin. (AC +1)))


Message History

Your transformation is almost over.
The orc sorcerer closely misses you.
You hit the orc sorcerer.
The orc sorcerer is poisoned.
The orc sorcerer is lightly wounded.
The orc sorcerer barely misses you.
You hit the orc sorcerer but do no damage.
The orc sorcerer is lightly wounded.
The orc sorcerer casts a spell at you. The bolt of fire hits you!!
You hit the orc sorcerer.
The orc sorcerer looks as sick as possible!
The orc sorcerer is moderately wounded.
The orc sorcerer gestures at you while chanting.
You suddenly lose the ability to move!
The orc sorcerer points at you and mumbles some strange words.
The bolt of fire hits you!!! The orc sorcerer casts a spell at you.
The bolt of negative energy hits you!!
You feel drained.
You die...

#####......#########
#...#......#........
#...#......#........
#...#......#........
#...#......#........
#...'......#........
#...#......'.....###
###.#......###'####
#s#####.........#
#o....#.........#
.≈≈≈..'^....#.........#
o##≈≈.#.....#.......[.#
##≈.#.....'.........#
#≈ ####..#.........# .≈
#..###>......# .#
#....#.......# .#
#....#.......#


You could see an orc sorcerer (extremely poisoned).

Vanquished Creatures
  2 orc warriors
  A black bear (D:6)
  5 ogres
  A centaur (D:5)
  A bullfrog (D:7)
  2 scorpions
  2 crimson imps (D:5)
  2 bullfrog zombies (D:5)
  2 hounds (D:4)
  A jelly (D:5)
  3 orc priests
  2 gnoll shamans
  6 orc wizards
  A centaur skeleton (D:7)
  Terence (D:2)
  5 iguanas
  5 worker ants
  2 hound skeletons
  12 gnolls
  10 adders
  5 shadow imps
  2 adder skeletons
  4 worms
  5 dart slugs
  4 leopard geckos
  21 orcs
  5 giant cockroaches
  8 goblins
  5 hobgoblins
  15 jackals
  4 kobolds
  2 quokkas
  2 ball pythons
  6 bats
  5 frilled lizards
  A jackal skeleton (D:5)
  A leopard gecko skeleton (D:4)
  5 rats
166 creatures vanquished.

Notes
Turn   | Place    | Note
-------+----------+-------------------------------------------
     0 | D:1      | Ge0ff the Ogre Transmuter began the quest for the Orb.
     0 | D:1      | Reached XP level 1. HP: 19/19 MP: 3/3
   247 | D:1      | Reached XP level 2. HP: 22/27 MP: 1/5
   267 | D:1      | Learned a level 2 spell: Sticks to Snakes
   610 | D:1      | Reached skill level 1 in Stealth
   610 | D:1      | Reached XP level 3. HP: 26/33 MP: 6/6
   619 | D:1      | Learned a level 3 spell: Spider Form
  1235 | D:2      | Found a faded altar of an unknown god.
  1433 | D:2      | Noticed Terence
  1448 | D:2      | Killed Terence
  1448 | D:2      | Reached skill level 1 in Poison Magic
  1448 | D:2      | Reached XP level 4. HP: 32/41 MP: 8/8
  2430 | D:3      | Reached XP level 5. HP: 46/48 MP: 9/9
  2974 | D:3      | Reached skill level 2 in Fighting
  3197 | D:4      | Reached XP level 6. HP: 51/59 MP: 7/11
  3401 | D:4      | Reached skill level 3 in Fighting
  3401 | D:4      | Reached XP level 7. HP: 47/67 MP: 5/12
  3514 | D:4      | Found a staircase to the Ecumenical Temple.
  3526 | Temple   | Entered the Ecumenical Temple
  3935 | D:4      | Learned a level 4 spell: Ice Form
  4306 | D:4      | Reached skill level 1 in Ice Magic
  4362 | D:5      | Entered Level 5 of the Dungeon
  4416 | D:5      | Reached skill level 4 in Fighting
  4544 | D:5      | Reached XP level 8. HP: 45/78 MP: 12/14
  4595 | D:5      | Found a shimmering blue altar of Sif Muna.
  4609 | D:5      | Became a worshipper of Sif Muna the Loreminder
  4752 | D:5      | Found a glowing silver altar of Zin.
  4752 | D:5      | Noticed an angel
  4754 | D:5      | Found a shimmering altar of Xom.
  5071 | D:5      | Reached skill level 5 in Fighting
  5207 | D:5      | Found a hazy altar of Hepliaklqana.
  5247 | D:5      | Found an opulent altar of Gozag.
  5306 | D:5      | Reached skill level 5 in Spellcasting
  5606 | D:6      | Reached * piety under Sif Muna
  5621 | D:5      | Reached skill level 5 in Poison Magic
  5743 | D:6      | Reached XP level 9. HP: 88/88 MP: 13/17
  5872 | D:6      | Reached skill level 5 in Transmutations
  6201 | D:6      | Reached skill level 6 in Fighting
  6740 | D:7      | Noticed an orc sorcerer
  6758 | D:7      | Paralysed by an orc sorcerer for 4 turns
  6760 | D:7      | Killed from afar by an orc sorcerer

Illustrated notes

Levels and vault maps discovered:
D:1:      nicolae_arrival_somewhat_less_tricky_arrival, layout_basic,
          minmay_misc_feat_five
D:2:      layout_basic, chequers_ecumenical_altar_simple, uniq_terence
D:3:      layout_rooms
D:4:      layout_gridville, temple_fountains, minmay_circle_x
D:5:      minmay_chambers_of_threes, layout_rooms,
          grunt_temple_overflow_order_and_chaos_1,
          nicolae_overflow_crystal_walls, kennysheep_little_box,
          marbit_many_paths, first_ration
D:6:      layout_loops_ring
D:7:      cheibrodos_wizards_tower, layout_gridville, grunt_ogre_cave,
          trog_eyes_of_draining
Temple:   eino_temple_rhombus

Skill      XL: |  1  2  3  4  5  6  7  8  9 |
---------------+----------------------------+-----
Transmutations | 2 3 4 5 |  5.1
Stealth        | 1 |  1.0
Poison Magic   | 1 2 3 4 5 |  5.0
Spellcasting   | 3 4 5 |  5.9
Fighting       | 2 3 4 5 6 |  6.3
Unarmed Combat | 3 |  3.0
Dodging        | 2 |  2.0
Ice Magic      | 1 3 4 |  4.9

Action                   |  1- 3 |  4- 6 |  7- 9 || total
-------------------------+-------+-------+-------++-------
Melee: Unarmed           |   119 |   132 |   364 ||   615
       Kick              |    11 |       |       ||    11
       Headbutt          |     5 |     1 |       ||     6
Throw: Stone             |     1 |       |       ||     1
       Boomerang         |     2 |    28 |    24 ||    54
 Cast: Beastly Appendage |    13 |     2 |       ||    15
       Spider Form       |     2 |    18 |    40 ||    60
       Sticks to Snakes  |       |     1 |       ||     1
Evoke: Wand              |       |     2 |       ||     2
  Use: Scroll            |       |     2 |     5 ||     7
 Stab: Sleeping          |     2 |       |     1 ||     3
  Eat: Chunk             |     2 |     9 |    14 ||    25
Armor: Robe              |    34 |     5 |     6 ||    45
       Skin              |       |     3 |    12 ||    15
Dodge: Dodged            |    66 |    87 |   344 ||   497

Table legend:
 A = Non-vault XP
 B = Vault XP
 C = Vault XP percentage of total XP
 D = Non-vault monster count
 E = Vault monster count
 F = Vault count percentage of total count
                 A         B        C        D         E       F
            +---------+---------+-------+---------+---------+-------
      Total |    2545 |     577 |  18.5 |     152 |      14 |   8.4
            +---------+---------+-------+---------+---------+-------
        D:1 |      44 |       0 |   0.0 |      22 |       0 |   0.0
        D:2 |      55 |      36 |  39.6 |      14 |       1 |   6.7
        D:3 |     133 |       0 |   0.0 |      29 |       0 |   0.0
        D:4 |     600 |     139 |  18.8 |      31 |       3 |   8.8
        D:5 |     917 |     284 |  23.6 |      30 |       9 |  23.1
        D:6 |     444 |       0 |   0.0 |      12 |       0 |   0.0
        D:7 |     352 |     118 |  25.1 |      14 |       1 |   6.7
            +---------+---------+-------+---------+---------+-------
